 Dungeon Crawl Stone Soup version 0.28.0-45-g0d030f2227 (webtiles) character file.

Game seed: 6033186955125488652

4427 GreyArmor the Cutter (level 10, -3/105 HPs)
             Began as a Troll Berserker on Apr 10, 2022.
             Was a Priest of Trog.
             Slain by a six-headed hydra (13 damage)
             ... on level 1 of the Lair of Beasts.
             The game lasted 01:11:00 (10426 turns).

GreyArmor the Cutter (Troll Berserker)             Turns: 10426, Time: 01:11:00

Health: -3/105     AC: 19    Str: 27    XL:     10   Next: 14%
Magic:  9/9        EV: 13    Int:  5    God:    Trog [***...]
Gold:   187        SH:  0    Dex: 19    Spells: 9/9 levels left

rFire   . . .      SeeInvis .   D - +2 mace (vorpal)
rCold   . . .      Faith    .   (no shield)
rNeg    . . .      Spirit   .   K - +3 steam dragon scales
rPois   .          Reflect  .   (helmet restricted)
rElec   .          Harm     .   r - +2 cloak
rCorr   .          Rampage  .   (gloves unavailable)
Will    ++...                   (boots unavailable)
Stlth   +++.......              J - amulet of the acrobat
HPRegen 2.07/turn               e - +6 ring of dexterity
MPRegen 0.11/turn               t - +4 ring of protection

@: mighty, strong-willed, on berserk cooldown, regenerating, slowed, very slow
A: large, unfitting armour, claws 3, regeneration 1, shaggy fur 1, tough skin 1,
iridescent scales 1, clever 1, robust 1
a: Renounce Religion, Berserk, Trog's Hand


You were on level 1 of the Lair of Beasts.
You worshipped Trog.
Trog was most pleased with you.
You visited 3 branches of the dungeon, and saw 10 of its levels.

You collected 434 gold pieces.
You spent 247 gold pieces at shops.

Inventory:

Hand Weapons
 b - a +2 spectral quarterstaff
 f - a +4 quarterstaff of chaos
 j - a +3 dagger of venom
 n - a +0 hand axe
 o - a +3 dagger
 z - a +2 hand axe of freezing
 A - a +0 hunting sling
 D - a +2 vorpal mace (weapon)
 F - a +2 dagger of speed
 I - a +2 morningstar of freezing
 L - a +0 whip of flaming
 M - a +0 long sword of draining
Missiles
 g - 11 poisoned darts (quivered)
 h - 18 boomerangs
 i - 157 stones
 s - 54 sling bullets
Armour
 r - a +2 cloak (worn)
 K - +3 steam dragon scales (worn)
Magical Staves
 w - a staff of fire
 C - a staff of conjuration
 G - a staff of fire
Jewellery
 e - a +6 ring of dexterity (left claw)
 m - a ring of protection from cold
 q - a ring of ice
 t - a +4 ring of protection (right claw)
 y - a +6 ring of strength
 J - an amulet of the acrobat (around neck)
Wands
 l - a wand of flame (29)
 x - a wand of iceblast (14)
Scrolls
 a - a scroll of magic mapping {unknown}
 d - a scroll of amnesia
 p - a scroll of blinking
 B - a scroll of fear
 H - a scroll of identify
Potions
 c - 2 potions of curing
 k - 2 potions of degeneration
 u - a potion of might
 v - 6 potions of flight
 E - a potion of attraction


   Skills:
 + Level 5.4 Fighting
 + Level 7.4 Short Blades
 + Level 0.4(1.2) Maces & Flails
 + Level 1.5 Staves
 + Level 1.1 Throwing
 + Level 6.5 Dodging
 + Level 3.6 Stealth
 + Level 4.3 Unarmed Combat


You had 9 spell levels left.
You didn't know any spells.
Your spell library contained the following spells:

 Spells                   Type           Power      Damage    Failure   Level
 Magic Dart               Conj           0%         1d3       47%         1
 Shock                    Conj/Air       0%         1d3       47%         1
 Call Imp                 Summ           0%         N/A       63%         2
 Ensorcelled Hibernation  Hex/Ice        0%         N/A       63%         2
 Passwall                 Tmut/Erth      0%         N/A       63%         2
 Mephitic Cloud           Conj/Pois/Air  0%         N/A       85%         3
 Swiftness                Air            0%         N/A       85%         3
 Airstrike                Air            0%         N/A       99%         4


Dungeon Overview and Level Annotations

Branches:
Dungeon (9/15)             Temple (1/1) D:5            Lair (1/6) D:9
    Orc: D:9-12

Altars:
Ashenzari
Cheibriados
Dithmenos
Elyvilon
Fedhas
Gozag
Hepliaklqana
Kikubaaqudgha
Makhleb
Nemelex Xobeh
Okawaru
Qazlal
Ru
Sif Muna
Trog
Uskayaw
Vehumet
Wu Jian
Xom
Yredelemnul
Zin
The Shining One

Shops:
D:5 (   D:7 *


Innate Abilities, Weirdness & Mutations

You are too large for most types of armour.
You have claws for hands.
Your natural rate of healing is unusually fast.
You are covered in fur. (AC +1)
You have tough skin. (AC +1)
You are partially covered in iridescent scales. (AC +2)
Your mind is acute. (Int +2)
You are robust. (+10% HP)


Message History

The water moccasin bites you but does no damage.
The six-headed hydra barely misses you.
The six-headed hydra bites you but does no damage. x2
The six-headed hydra barely misses you. x2
The six-headed hydra bites you but does no damage.
Blink to where?
Press: ? - help, Dir - move target, p - six-headed hydra
As you read the scroll of blinking, it crumbles to dust.
Throw: 13 darts (poison)
Press: ? - help, Q - select action, (/) - cycle Shift-Dir - straight line, f - water moccasin
Aim: a water moccasin (moderately wounded, 46% to hit)
You throw a poisoned dart.
The poisoned dart misses the water moccasin.
The poisoned dart barely misses the six-headed hydra.
Throw: 12 darts (poison)
Press: ? - help, Q - select action, (/) - cycle Shift-Dir - straight line, f/p - water moccasin
Aim: a water moccasin (moderately wounded, 46% to hit)
You throw a poisoned dart.
The poisoned dart closely misses the water moccasin.
The poisoned dart hits the six-headed hydra.
The six-headed hydra is poisoned.
The water moccasin bites you but does no damage.
You sock the water moccasin! You claw the water moccasin.
You kill the water moccasin!
Trog accepts your kill.
Your skin crawls.
You feel strong-willed. The six-headed hydra bites you!
* * * LOW HITPOINT WARNING * * *
The six-headed hydra bites you.
* * * LOW HITPOINT WARNING * * *
The six-headed hydra bites you but does no damage.
The six-headed hydra misses you.
The six-headed hydra completely misses you.
The six-headed hydra bites you but does no damage.
The six-headed hydra bites you.
* * * LOW HITPOINT WARNING * * *
The six-headed hydra bites you but does no damage.
The six-headed hydra barely misses you. The six-headed hydra bites you!
You die...

.......... ......... .........
..................
.................#
.................# ##... ..
.................####.#. ....
................@##....###....
#................D.....#......
..............................
..............................
.............#....P.(......#..
.....##.....##...P#.....((....
.....##.....##................
#........##....†.##..##(......
#........##......###.# .......


You could see a six-headed hydra (poisoned).

Vanquished Creatures
  Pikel (D:6)
  Joseph (D:7)
  Prince Ribbit (D:7)
  A vampire (D:9)
  2 wyverns
  2 steam dragons
  3 water moccasins (Lair:1)
  An ice beast (D:6)
  A hornet zombie (D:6)
  2 orc warriors
  2 sky beasts (D:7)
  3 ogres
  A necrophage (D:6)
  4 lemures (D:6)
  3 centaurs
  Blork the orc (D:5)
  2 bullfrogs
  3 scorpions
  3 killer bees (D:7)
  2 howler monkeys
  6 hounds
  A jelly (D:4)
  Crazy Yiuf (D:7)
  2 bullfrog skeletons
  A centaur skeleton (D:4)
  3 orc priests
  2 orc wizards
  2 iguanas
  A hound skeleton (D:4)
  A howler monkey zombie (D:6)
  8 adders
  A white imp (D:6)
  A dart slug (D:5)
  32 orcs
  6 ball pythons
  4 endoplasms
  5 giant cockroaches
  10 goblins
  6 hobgoblins
  2 jackals (D:5)
  5 quokkas
  7 bats
  A frilled lizard (D:1)
  5 kobolds
  8 rats
160 creatures vanquished.

Vanquished Creatures (others)
  2 demonic plants (D:1)
  A plant (D:5)
3 creatures vanquished.

Grand Total: 163 creatures vanquished

Notes
Turn   | Place    | Note
-------+----------+-------------------------------------------
     0 | D:1      | GreyArmor the Troll Berserker began the quest for the Orb.
     0 | D:1      | Reached XP level 1. HP: 22/22 MP: 0/0
    79 | D:1      | Reached XP level 2. HP: 28/29 MP: 1/1
   342 | D:1      | Found a faded altar of an unknown god.
   342 | D:1      | Noticed a Tzitzimitl
   705 | D:1      | Reached ** piety under Trog
  1453 | D:1      | Reached XP level 3. HP: 36/36 MP: 2/2
  1960 | D:2      | Gained mutation: You are occasionally teleported next to
                  | monsters. [potion of mutation]
  1960 | D:2      | Gained mutation: You passively dampen the noise of your
                  | surroundings. [potion of mutation]
  1960 | D:2      | Gained mutation: A frigid envelope surrounds you and
                  | freezes all who hurt you. [potion of mutation]
  1960 | D:2      | Gained mutation: You are partially covered in iridescent
                  | scales. (AC +2) [potion of mutation]
  1963 | D:2      | Lost mutation: You are occasionally teleported next to
                  | monsters. [potion of mutation]
  1963 | D:2      | Lost mutation: You passively dampen the noise of your
                  | surroundings. [potion of mutation]
  1963 | D:2      | Lost mutation: A frigid envelope surrounds you and freezes
                  | all who hurt you. [potion of mutation]
  1963 | D:2      | Gained mutation: Your mind is acute. (Int +2) [potion of
                  | mutation]
  1963 | D:2      | Gained mutation: You are robust. (+10% HP) [potion of
                  | mutation]
  3520 | D:3      | Reached XP level 4. HP: 44/48 MP: 3/3
  3601 | D:3      | Noticed a bullfrog
  3610 | D:3      | Killed a bullfrog
  3611 | D:3      | Reached XP level 5. HP: 46/57 MP: 4/4
  3630 | D:3      | Reached skill level 1 in Stealth
  3641 | D:3      | Reached skill level 1 in Short Blades
  4169 | D:4      | Reached XP level 6. HP: 67/67 MP: 5/5
  4500 | D:4      | Reached skill level 2 in Short Blades
  5156 | D:4      | Reached *** piety under Trog
  5359 | D:5      | Entered Level 5 of the Dungeon
  5433 | D:5      | Reached XP level 7. HP: 68/73 MP: 6/6
  5471 | D:5      | Found Alaefyoc's Antique Weapon Boutique.
  5492 | D:5      | Found a staircase to the Ecumenical Temple.
  5502 | D:5      | Noticed Blork the orc
  5512 | D:5      | Killed Blork the orc
  5528 | D:5      | Reached skill level 3 in Short Blades
  6087 | Temple   | Entered the Ecumenical Temple
  6627 | D:6      | Noticed a steam dragon
  6709 | D:6      | Noticed a wyvern
  6732 | D:6      | Reached XP level 8. HP: 85/85 MP: 7/7
  6739 | D:6      | Reached skill level 4 in Short Blades
  7169 | D:6      | Noticed Pikel
  7199 | D:6      | Killed Pikel
  7200 | D:6      | Reached skill level 5 in Short Blades
  7200 | D:6      | Reached skill level 5 in Dodging
  7265 | D:6      | Reached XP level 9. HP: 93/93 MP: 8/8
  8176 | D:6      | Reached skill level 6 in Short Blades
  8469 | D:7      | Noticed Joseph
  8487 | D:7      | Killed Joseph
  8581 | D:7      | Found a sparkling altar of Nemelex Xobeh.
  8697 | D:7      | Found Giffeutet's Neck Hole.
  8734 | D:7      | Bought a +2 cloak for 247 gold pieces
  8832 | D:7      | Found a runed translucent door.
  8833 | D:7      | Noticed Crazy Yiuf
  8840 | D:7      | Killed Crazy Yiuf
  8945 | D:7      | Reached skill level 5 in Fighting
  9147 | D:7      | Noticed Prince Ribbit
  9163 | D:7      | Killed Prince Ribbit
  9164 | D:7      | Reached skill level 7 in Short Blades
  9750 | D:7      | You fall into a shaft and drop 2 floors!
  9772 | D:9      | Reached skill level 1 in Staves
  9779 | D:9      | Reached XP level 10. HP: 104/105 MP: 9/9
 10240 | D:9      | Found a staircase to the Lair.
 10345 | Lair:1   | Entered Level 1 of the Lair of Beasts
 10400 | Lair:1   | Reached skill level 1 in Throwing
 10405 | Lair:1   | Noticed a six-headed hydra
 10426 | Lair:1   | Slain by a six-headed hydra

Illustrated notes

Levels and vault maps discovered:
D:1:      mrwooster_arrival_statue_3, layout_basic,
          dreamdust_ecumenical_altar_sealed_demon, minmay_tall_x
D:2:      layout_loops_ring
D:3:      layout_rooms, serial_corexii_hall, chequers_hall_statues_corner_a,
          corexii_hall_statues_i
D:4:      layout_loops_ring
D:5:      layout_cave_pools, minmay_temple_entry_waves, serial_shops,
          nicolae_shop_overgrown_old_shop, uniq_blork_the_orc
D:6:      layout_basic, uniq_pikel
D:7:      layout_loops_corners, overflow_temple_1_default,
          nicolae_shop_sticking_my_neck_out, uniq_prince_ribbit1,
          uniq_crazy_yiuf_cottage, uniq_joseph
D:9:      layout_loops_ring, lair_entry_dummy, orc_0_dummy
Temple:   mainiacjoe_temple_circle_huts
Lair:1:   layout_cave_shapes

Skill      XL: |  1  2  3  4  5  6  7  8  9 10 |
---------------+-------------------------------+-----
Dodging        | 3 4 5 6 |  6.5
Unarmed Combat | 4 |  4.3
Fighting       | 3 4 5 |  5.4
Stealth        | 1 2 3 |  3.6
Short Blades   | 1 2 3 5 7 |  7.4
Staves         | 1 |  1.5
Throwing       | 1 |  1.1
Maces & Flails | |  0.4

Action                   |  1- 3 |  4- 6 |  7- 9 | 10-12 || total
-------------------------+-------+-------+-------+-------++-------
Melee: Unarmed           |    78 |       |       |       ||    78
       Punch             |     4 |     6 |    19 |     3 ||    32
       Dagger            |    31 |   181 |   347 |    89 ||   648
       Quarterstaff      |       |       |    12 |       ||    12
       Mace              |       |       |       |    24 ||    24
Throw: Dart              |       |       |     4 |    14 ||    18
Invok: Berserk           |       |     1 |     3 |     1 ||     5
       Trog's Hand       |       |       |       |     2 ||     2
  Use: Potion            |     6 |     1 |     1 |     2 ||    10
       Scroll            |     2 |     2 |    11 |     1 ||    16
 Stab: Sleeping          |     1 |     7 |     6 |       ||    14
       Invisible         |       |       |     2 |       ||     2
Armor: Animal skin       |    43 |    89 |    19 |       ||   151
       Steam dragon scal |       |       |    92 |   100 ||   192
Dodge: Dodged            |    68 |    98 |   164 |    93 ||   423
